 Dungeon Crawl Stone Soup version 0.23.1-41-g7e51ed32d8 (webtiles) character file.

Game seed: 989185719344170258

107 Gargoyl the Skirmisher (level 4, 0/41 HPs)
             Began as a Centaur Abyssal Knight on Mar 30, 2019.
             Was a Believer of Lugonu.
             Succumbed to Crazy Yiuf's poison
             ... on level 2 of the Dungeon.
             The game lasted 00:02:58 (1804 turns).

Gargoyl the Skirmisher (Centaur Abyssal Knight)     Turns: 1804, Time: 00:02:59

Health: 0/41       AC: 16    Str: 14    XL:     4   Next: 57%
Magic:  5/6        EV:  8    Int: 11    God:    Lugonu [**....]
Gold:   59         SH:  0    Dex: 10    Spells: 3/3 levels left

rFire    + . .     SeeInvis .   a - +1 hand axe (protect)
rCold    . . .     Gourm    .   (no shield)
rNeg     . . .     Faith    .   e - +1 ring mail {rF+}
rPois    .         Spirit   .   i - +0 helmet
rElec    .         Reflect  .   (no cloak)
rCorr    .         Harm     .   (no gloves)
MR       .....                  (no barding)
Stlth    ..........             (no amulet)
HPRegen  0.53/turn              (no ring)
MPRegen  0.10/turn              (no ring)

@: lethally poisoned (0 -> -3), protection aura, berserk cooldown, slowed
A: large, hooves 3, rugged brown scales 1, deformed body, speed 2, regeneration
1, tough skin 3
a: Depart the Abyss, Bend Space, Renounce Religion


You were on level 2 of the Dungeon.
You worshipped Lugonu.
Lugonu was pleased with you.
You were near starving.

You visited 1 branch of the dungeon, and saw 2 of its levels.
You visited the Abyss 1 time.

You collected 59 gold pieces.

Inventory:

Hand Weapons
 a - a +1 hand axe of protection (weapon)
Armour
 e - a +1 ring mail of fire resistance (worn)
 i - a +0 helmet (worn)
Scrolls
 b - a scroll of immolation {unknown}
 d - 2 scrolls of identify
 f - 3 scrolls of remove curse {unknown}
 j - a scroll of blinking {unknown}
Comestibles
 c - 3 rations


   Skills:
 + Level 3.7 Fighting
 + Level 2.4 Axes
 * Level 2.1 Armour
 * Level 1.2 Dodging
 * Level 2.7 Invocations


You had 3 spell levels left.
You didn't know any spells.
Your spell library contained the following spells:

 Spells                   Type           Power        Failure   Level  Hunger
 Freeze                   Ice            #...         56%         1    ##.....
 Throw Frost              Conj/Ice       #.....       71%         2    ###....
 Ozocubu's Armour         Chrm/Ice       #.......     91%         3    ####...
 Summon Ice Beast         Ice/Summ       #.......     100%        4    #####..
 Throw Icicle             Conj/Ice       #.......     100%        4    #####..


Dungeon Overview and Level Annotations

Branches:
Dungeon (2/15)

Altars:
Cheibriados
Nemelex Xobeh
Okawaru
Vehumet


Innate Abilities, Weirdness & Mutations

You have hooves in place of feet.
Armour fits poorly on your strangely shaped body.
You cover ground very quickly.
You have extremely tough skin. (AC +3)
You are partially covered in rugged brown scales. (AC +1, +3% HP)
Your natural rate of healing is unusually fast.


Message History

You slash Crazy Yiuf!
You kill Crazy Yiuf!
Lugonu accepts your kill.
* * * LOW HITPOINT WARNING * * *
You feel sick.
* * * LOW HITPOINT WARNING * * *
You feel sick.
Things that are here:
a +2 quarterstaff of chaos; a +0 cloak You feel a strong urge to attack something.
You are too berserk!
You are no longer berserk.
You are exhausted.
You feel yourself slow down.
Really quaff the potion of mutation?
You feel extremely strange.
You feel less resistant to hostile enchantments.
Your rate of healing slows.
You begin to heal more quickly.
Rugged brown scales grow over part of your body.
You die...

.........### ♣♣.♣♣
#########... .........### ♣.♣♣
#...##...... ...........# ♣♣.♣
#....'...... .########.## ♣.♣♣
#...##...... .# #.# ♣♣.♣
######...... #########.##
##'## ######...... #.........#
#.).# #....'...... #.........#
#...# ######.).... #.........#
#.@)# #...... #.........#
##### ######...... #.........#
#..>########
#.........###########.......#
#
#..................(........#
#
##.......###..####'##........#
# .........# ##.##
#.##........# # .........#
#..# #.##........# ........##
##.# #.##........#


There were no monsters in sight!

Vanquished Creatures
  Crazy Yiuf (D:2)
  Robin (D:2)
  2 adders (D:2)
  An ooze (D:1)
  A dart slug (D:1)
  2 giant cockroaches (D:1)
  15 goblins
  6 hobgoblins
  A ball python (D:1)
  2 bats (D:1)
  2 frilled lizards
  6 kobolds
  4 rats (D:1)
44 creatures vanquished.

Notes
Turn   | Place    | Note
-------+----------+-------------------------------------------
     0 | Abyss:1  | Gargoyl the Centaur Abyssal Knight began the quest for the
                  | Orb.
     0 | Abyss:1  | Reached XP level 1. HP: 19/19 MP: 2/2
    84 | Abyss:2  | Found a corrupted altar of Lugonu.
   119 | Abyss:2  | Noticed a chaos spawn
   146 | Abyss:2  | Noticed a chaos spawn
   176 | Abyss:2  | Noticed a tormentor
   177 | Abyss:2  | Noticed a large abomination
   178 | Abyss:2  | Noticed a small abomination
   180 | D:1      | Escaped the Abyss
   298 | D:1      | Reached XP level 2. HP: 20/26 MP: 3/3
   332 | D:1      | Reached * piety under Lugonu
   516 | D:1      | You fall through a shaft!
   536 | D:2      | Reached skill level 1 in Dodging
   536 | D:2      | Reached XP level 3. HP: 25/31 MP: 4/4
   719 | D:2      | Noticed Robin
   744 | D:2      | Killed Robin
   992 | D:1      | Reached XP level 4. HP: 34/39 MP: 5/5
  1274 | D:2      | Reached ** piety under Lugonu
  1495 | D:2      | Found a runed translucent door.
  1496 | D:2      | Noticed Crazy Yiuf
  1698 | D:2      | Found an iron altar of Okawaru.
  1700 | D:2      | Found a sparkling altar of Nemelex Xobeh.
  1708 | D:2      | Found a snail-covered altar of Cheibriados.
  1709 | D:2      | Found a radiant altar of Vehumet.
  1794 | D:2      | Gained mutation: Your natural rate of healing is unusually
                  | fast. [potion of mutation]
  1794 | D:2      | Gained mutation: You are resistant to hostile enchantments.
                  | (MR+) [potion of mutation]
  1800 | D:2      | Killed Crazy Yiuf
  1800 | D:2      | HP: 3/60 [poisoned by Crazy Yiuf]
  1804 | D:2      | Lost mutation: You are resistant to hostile enchantments.
                  | (MR+) [potion of mutation]
  1804 | D:2      | Lost mutation: Your natural rate of healing is unusually
                  | fast. [potion of mutation]
  1804 | D:2      | Gained mutation: Your natural rate of healing is unusually
                  | fast. [potion of mutation]
  1804 | D:2      | Gained mutation: You are partially covered in rugged brown
                  | scales. (AC +1, +3% HP) [potion of mutation]
  1804 | D:2      | Succumbed to Crazy Yiuf's poison

Skill      XL: |  1  2  3 |
---------------+----------+-----
Axes           | 2 |  2.4
Dodging        | 1 |  1.2
Armour         | 2 |  2.1
Fighting       | |  3.7
Invocations    | |  2.7

Action                   |  1- 3 |  4- 6 || total
-------------------------+-------+-------++-------
Melee: Hand axe          |    96 |    22 ||   118
       Kick              |     9 |     4 ||    13
Invok: Depart the Abyss  |     1 |       ||     1
  Use: Scroll            |     2 |       ||     2
       Potion            |       |     3 ||     3
Armor: Leather armour    |    10 |       ||    10
       Ring mail         |    32 |    11 ||    43
Dodge: Dodged            |    51 |    13 ||    64
